 Dungeon Crawl Stone Soup version 0.29-a0-383-g8b6f518c11 (webtiles) character file.

Game seed: 9539625419345000841

1042 Kenran the Jinx (level 8, -1/34 HPs)
             Began as a Felid Enchanter on May 6, 2022.
             Was a Believer of Ru.
             Succumbed to a hornet's poison
             ... on level 7 of the Dungeon.
             The game lasted 00:32:20 (9888 turns).

Kenran the Jinx (Felid Enchanter)                   Turns: 9888, Time: 00:32:20

Health: -1/34      AC:  2    Str:  4    XL:     8   Next: 4%
Magic:  3/12       EV: 19    Int: 19    God:    Ru [**....]
Gold:   410        SH:  0    Dex: 16    Spells: 6/11 levels left
                                        Lives:  0   Deaths: 2

rFire   . . .      SeeInvis +     - Unarmed
rCold   . . .      Faith    .   (shield unavailable)
rNeg    . . .      Spirit   +   (body armour unavailable)
rPois   .          Reflect  .   (helmet unavailable)
rElec   .          Harm     .   (cloak unavailable)
rCorr   .          Rampage  .   (gloves unavailable)
Will    +....                   (boots unavailable)
Stlth   ++++......              q - amulet of guardian spirit
HPRegen 0.11/turn               (no ring)
MPRegen 0.13/turn               (no ring)

@: lethally poisoned (-1 -> -10), quick
A: very small, claws 1, fangs 3, see invisible, speed 1, shaggy fur 2, inability
to use devices, stealthy paws, no weapons or thrown items, no armour,
multi-lived
a: Renounce Religion


You were on level 7 of the Dungeon.
You worshipped Ru.
Ru was pleased with you.
You visited 2 branches of the dungeon, and saw 8 of its levels.
You also visited: Sewer.

You collected 410 gold pieces.

Inventory:

Jewellery
 f - a ring of ice
 q - an amulet of guardian spirit (around neck)
Wands
 h - a wand of mindburst (12)
 u - a wand of flame (68)
Scrolls
 a - 2 scrolls of blinking
 g - 3 scrolls of fog
 n - 2 scrolls of summoning
 o - 2 scrolls of fear
 p - a scroll of immolation {unknown}
 s - a scroll of magic mapping {unknown}
 v - 3 scrolls of enchant weapon {unknown}
 w - a scroll of amnesia {unknown}
 x - a scroll of torment {unknown}
 y - a scroll of enchant armour {unknown}
 z - a scroll of identify {@r1}
Potions
 b - a potion of degeneration {unknown}
 c - 2 potions of might
 d - 3 potions of flight
 e - 5 potions of brilliance
 i - a potion of berserk rage {unknown}
 j - 3 potions of curing {unknown}
 k - 2 potions of attraction {!q}
 l - a potion of cancellation {unknown}
 m - a potion of mutation {unknown}
 r - a potion of heal wounds {unknown}
 t - a potion of ambrosia {unknown}


   Skills:
 - Level 3.0 Fighting
 - Level 5.0 Dodging
 + Level 8.0 Stealth
 + Level 5.5 Unarmed Combat
 - Level 2.0 Spellcasting
 - Level 10.0 Hexes


You had 6 spell levels left.
You knew the following spells:

 Your Spells              Type           Power      Damage    Failure   Level
a - Ensorcelled Hibernat  Hex/Ice        40%        N/A       3%          2
b - Confusing Touch       Hex            39%        N/A       1%          3

Your spell library contained the following spells:

 Spells                   Type           Power      Damage    Failure   Level
 Slow                     Hex            100%       N/A       1%          1
 Tukima's Dance           Hex            39%        N/A       1%          3
 Dazzling Flash           Conj/Hex       40%        N/A       6%          3
 Apportation              Tloc           2%         N/A       17%         1
 Vampiric Draining        Necr           1%         2d6       45%         3
 Alistair's Intoxication  Tmut/Pois      0%         N/A       99%         5


Dungeon Overview and Level Annotations

Branches:
Dungeon (7/15)             Temple (1/1) D:5           Sewer (visited)

Altars:
Ashenzari
Cheibriados
Dithmenos
Elyvilon
Fedhas
Gozag
Hepliaklqana
Kikubaaqudgha
Makhleb
Nemelex Xobeh
Okawaru
Qazlal
Ru
Sif Muna
Trog
Uskayaw
Vehumet
Wu Jian
Xom
Yredelemnul
Zin
The Shining One
Beogh

Shops:
D:7 =

Annotations:
D:5 3 runed translucent doors, bgiannan's ghost, novice MiBe


Innate Abilities, Weirdness & Mutations

You have sharp claws.
You have razor-sharp teeth.
You have supernaturally acute eyesight. (SInv)
You cover ground quickly. (Speed+)
You are covered in thick fur. (AC +2)
You cannot study or use magical devices.
Your paws help you pounce on unaware monsters.
You are incapable of wielding weapons or throwing items.
You cannot wear armour.
You gain extra lives every three experience levels.


Message History

The hornet resists with some effort.
Casting: Ensorcelled Hibernation (safe; 3% risk of failure)
Confirm with . or Enter, or press ? or * to list all spells.
Aiming: Ensorcelled Hibernation (safe; 3% risk of failure)
Press: ? - help, Shift-Dir - straight line, f/p - hornet
Aim: a hornet (chance to affect: 44%)
The hornet looks drowsy...
The helpless hornet fails to defend itself.
You mangle the hornet!!
The hornet is almost dead.
The hornet stings you!
You are poisoned.
You feel yourself slow down. The hornet closely misses you.
Casting: Ensorcelled Hibernation (safe; 3% risk of failure)
Confirm with . or Enter, or press ? or * to list all spells.
Your paws begin to glow red.
You feel very sick. The hornet stings you!
* * * LOW HITPOINT WARNING * * *
You are lethally poisoned!
You feel as though you will be slow longer.
The hornet closely misses you.
Okay, then.
Unknown command.
Okay, then.
You scratch the hornet but do no damage.
The hornet appears confused.
The hornet is almost dead.
* * * LOW HITPOINT WARNING * * *
You feel very sick. The hornet completely misses you.
You scratch the hornet but do no damage.
The hornet is almost dead.
You feel yourself speed up.
* * * LOW HITPOINT WARNING * * *
You feel very sick.
You pounce on the helpless hornet from behind!
You mangle the hornet!!
You kill the hornet!
You die...

###........### .. ...#
#......#.### .....#
#......#.... #. #.#..#
#.##.###.###
#.##.#..#####.##.# #.#
..............##.# #.#
#.......######...# #.#
#.##....# #.### #.#
.......@# #.# .#.#....# #.#
# #.#..#.# #.# .. #.#..#)#
##.## #. #
#.#..#)#####.#.#######.
#.####.#.).......###.....##.
.........)).#####.#.####.##.
.......#.#### ##.####...#.
####...# #.###.....>


There were no monsters in sight!

Vanquished Creatures
  A troll (D:7)
  A hornet (D:7)
  A black bear (D:4)
  A sky beast (D:7)
  An ogre (D:5)
  A phantom (D:6)
  A kobold brigand (D:4)
  Blork the orc (D:6)
  2 scorpions
  2 bullfrogs (Sewer)
  A gnoll sergeant (D:7)
  2 hounds (D:5)
  A gnoll shaman (D:7)
  A jelly (D:6)
  2 iguanas (D:6)
  10 gnolls
  8 adders
  8 river rats (Sewer)
  2 ufetubi
  A worm (D:1)
  4 dart slugs
  2 orcs
  10 endoplasms
  8 giant cockroaches
  6 goblins
  4 hobgoblins
  4 jackals (D:1)
  4 quokkas
  15 ball pythons
  4 bats
  5 frilled lizards
  4 kobolds
  27 rats
145 creatures vanquished.

Notes
Turn   | Place    | Note
-------+----------+-------------------------------------------
     0 | D:1      | Kenran the Felid Enchanter began the quest for the Orb.
     0 | D:1      | Reached XP level 1. HP: 7/7 MP: 4/4
   890 | D:1      | Reached skill level 5 in Hexes
   890 | D:1      | Reached XP level 2. HP: 12/12 MP: 6/6
   897 | D:1      | Learned a level 2 spell: Ensorcelled Hibernation
   940 | D:1      | Found a faded altar of an unknown god.
  1151 | D:1      | Reached skill level 1 in Fighting
  2045 | D:2      | Reached XP level 3. HP: 15/15 MP: 4/7
  2582 | D:2      | Reached skill level 6 in Hexes
  2594 | D:2      | Learned a level 3 spell: Confusing Touch
  3054 | D:3      | Reached XP level 4. HP: 8/19 MP: 1/8
  3136 | D:3      | Found a glowing drain.
  3324 | Sewer    | Entered a sewer
  3879 | Sewer    | Reached skill level 5 in Stealth
  4096 | Sewer    | Reached XP level 5. HP: 7/22 MP: 4/9
  5031 | Sewer    | HP: 1/22 [bullfrog (6)]
  5032 | Sewer    | Mangled by a bullfrog
  5033 | Sewer    | Reached XP level 4. HP: -7/19 MP: 8/8
  5125 | Sewer    | Reached skill level 7 in Hexes
  5362 | Sewer    | Killed a bullfrog
  5363 | Sewer    | Reached XP level 5. HP: 23/24 MP: 4/9
  5875 | D:3      | Identified the +2 long sword of the Iron City of Dis
                  | {vorpal, rElec Int+4 Dex+4}
  6049 | D:3      | Gained mutation: You are covered in thick fur. (AC +2)
                  | [Felid growth]
  6049 | D:3      | Reached XP level 6. HP: 28/28 MP: 10/10
  6426 | D:4      | Reached skill level 8 in Hexes
  7124 | D:4      | Found a white marble altar of Elyvilon.
  7236 | D:4      | Found a hazy altar of Hepliaklqana.
  7236 | D:4      | Found an ancient bone altar of Kikubaaqudgha.
  7236 | D:4      | Found a shadowy altar of Dithmenos.
  7242 | D:4      | Found a burning altar of Makhleb.
  7248 | D:4      | Found a glowing golden altar of the Shining One.
  7280 | D:5      | Entered Level 5 of the Dungeon
  7350 | D:5      | Reached XP level 7. HP: 31/31 MP: 11/11
  7394 | D:5      | Reached skill level 9 in Hexes
  7549 | D:5      | Found a runed translucent gate.
  7550 | D:5      | Found a runed translucent gate.
  7572 | D:5      | Found a runed translucent gate.
  7575 | D:5      | Noticed bgiannan's ghost (novice MiBe)
  7577 | D:5      | Identified the +0 short sword "Kuif Lei" {vorpal, rF+ rC+
                  | rCorr Str+2 Stlth-}
  7577 | D:5      | Identified the +0 scale mail of the Falcon {Int+2}
  7705 | D:5      | Found a staircase to the Ecumenical Temple.
  7711 | Temple   | Entered the Ecumenical Temple
  7896 | Temple   | Became a worshipper of Ru the Awakened
  8213 | D:6      | Noticed Blork the orc
  8233 | D:6      | Killed Blork the orc
  8445 | D:6      | Noticed a two-headed ogre
  8447 | D:6      | Noticed a wraith
  8536 | D:5      | Slain by a two-headed ogre
  8537 | D:5      | Reached XP level 6. HP: -3/28 MP: 0/10
  9075 | D:6      | Reached XP level 7. HP: 26/31 MP: 5/11
  9267 | D:7      | Reached skill level 10 in Hexes
  9268 | D:7      | Noticed a hornet
  9354 | D:7      | Found Tefitwan's Jewellery Boutique.
  9388 | D:7      | Gained mutation: You cannot study or use magical devices.
                  | [Ru sacrifice]
  9388 | D:7      | Reached * piety under Ru
  9388 | D:7      | Reached ** piety under Ru
  9480 | D:7      | Noticed a troll
  9491 | D:7      | Killed a troll
  9492 | D:7      | Reached skill level 5 in Unarmed Combat
  9754 | D:7      | Reached skill level 5 in Dodging
  9792 | D:7      | Reached XP level 8. HP: 34/34 MP: 3/12
  9887 | D:7      | HP: 1/34 [poisoned by a hornet]
  9888 | D:7      | Killed a hornet
  9888 | D:7      | Succumbed to a hornet's poison

Illustrated notes

Levels and vault maps discovered:
D:1:      dpeg_arrival_central, layout_basic,
          shapermc_ecumenical_altar_notcrosses, minmay_misc_feat_roman
D:2:      layout_rooms
D:3:      minmay_inner_zag, layout_loops_ring, gup_sewer_entry_bubbles
D:4:      layout_rooms, minitemple
D:5:      layout_loops_ring, minmay_temple_entry_hall,
          biasface_ghost_orc_armoury, serial_glass, glass_columns_c,
          glass_columns_a, glass_columns_b, glass_columns_c, glass_columns_a,
          glass_columns_a, glass_columns_c, glass_columns_a, glass_columns_a,
          glass_columns_b, feat_on_display, serial_bayou_crossing
D:6:      layout_gridville, uniq_blork_the_orc
D:7:      layout_loops_ring, serial_shops, shop
Temple:   regret_index_temple_sphere_string

Skill      XL: |  1  2  3  4  5  6  7 |
---------------+----------------------+-----
Dodging        | 3 5 |  5.0
Hexes          | 5 6 7 8 10 | 10.0
Fighting       | 1 2 3 |  3.0
Stealth        | 6 8 |  8.0
Unarmed Combat | 2 3 5 |  5.5
Spellcasting   | |  2.0

Action                   |  1- 3 |  4- 6 |  7- 9 || total
-------------------------+-------+-------+-------++-------
Melee: Unarmed           |   115 |   217 |    38 ||   370
       Bite              |     9 |    20 |     3 ||    32
       Punch             |     1 |     2 |       ||     3
 Cast: Ensorcelled Hiber |    31 |    56 |    24 ||   111
       Confusing Touch   |       |     5 |     3 ||     8
Invok: Sacrifice Artific |       |       |     1 ||     1
Evoke: Wand              |       |     1 |       ||     1
  Use: Scroll            |     4 |     5 |       ||     9
       Potion            |       |     3 |       ||     3
 Stab: Sleeping          |    28 |    36 |    20 ||    84
       Distracted        |     1 |     2 |     1 ||     4
       Invisible         |       |     4 |       ||     4
       Confused          |       |     2 |     2 ||     4
Armor: Skin              |     8 |    18 |       ||    26
Dodge: Dodged            |    76 |   270 |    23 ||   369

Table legend: (Time is in decaauts)
 A = Elapsed time spent in this place.
 B = Non-inter-level travel time spent in this place.
 C = Inter-level travel time spent in this place.
 D = Time resting spent in this place.
 E = Time spent auto-exploring this place.
 F = Levels seen in this place.
 G = Mean time per level.
                   A        B        C        D        E       F      G
               +--------+--------+--------+--------+--------+-----+--------+
         Total |   9065 |   8945 |    120 |   4311 |   2307 |   9 | 1007.2 |
       Dungeon |   6581 |   6481 |    100 |   2744 |   2157 |   7 |  940.1 |
        Temple |    159 |    139 |     20 |      0 |    116 |   1 |  159.0 |
         Sewer |   2324 |   2324 |      0 |   1566 |     33 |   1 | 2324.0 |
               +--------+--------+--------+--------+--------+-----+--------+

Top non-repeatable levels by time:
   Sewer: 2324 daAuts
     D:1: 2019 daAuts
     D:3: 1191 daAuts
     D:6: 888 daAuts
     D:5: 716 daAuts
     D:2: 647 daAuts
     D:4: 599 daAuts
     D:7: 518 daAuts
  Temple: 159 daAuts
